Map: Lightshade LE

Players

Seither - Winner!

  • Race: Terran Terran

Quantel

  • Race: Protoss Protoss

Event: DreamHack SC2 Masters 2021 Winter

VOD

Have the link to the VOD?

Description

Time

  • Played on: Sept. 29, 2021, 4:38 a.m.
  • Length: 10:38

All games in this series

Show
View Real Time Build Order
Export as new Build Order

Seither Terran - Winner!

Build Orders:  

Get SALT Encoding   

  12  0:00  SCV  
  13  0:12  SCV  
  14  0:16  Supply Depot  
  14  0:24  SCV  
  15  0:38  SCV  
  15  0:39  Barracks  
  16  0:44  Refinery  
  16  0:50  SCV  
  17  1:02  SCV  
  18  1:14  SCV  
  19  1:26  Marine  
  19  1:27  Orbital Command  
  20  1:40  Command Center  
  20  1:44  Barracks Reactor  
  20  1:53  SCV  
  21  1:58  Barracks  
  21  2:05  SCV  
  22  2:08  Supply Depot  
  22  2:17  SCV  
  22  2:18  Bunker  
  23  2:28  Barracks  
  23  2:30  SCV, Marine x2  
  26  2:42  SCV  
  27  2:46  Barracks Tech Lab  
  27  2:48  Marine x2  
  29  2:53  Orbital Command  
  29  2:54  SCV  
  30  3:04  Marine  
  31  3:05  Marine x2  
  31  3:06  Stimpack  
  31  3:07  SCV  
  31  3:12  Refinery  
  34  3:16  Barracks Tech Lab  
  34  3:19  SCV x2  
  36  3:26  Marine x3  
  39  3:29  Supply Depot  
  39  3:31  SCV x2  
  41  3:36  Marine  
  42  3:41  Engineering Bay  
  42  3:43  SCV x2  
  44  3:49  Marine  
  44  3:50  Combat Shield, Marine  
  44  3:53  Marauder  
  50  3:55  Marauder  
  50  3:59  SCV x2  
  52  4:07  Supply Depot  
  52  4:10  Marine x2  
  52  4:11  Missile Turret  
  54  4:25  Supply Depot  
  54  4:29  Marauder x2, SCV x2  
  54  4:30  Factory  
  60  4:32  Refinery  
  60  4:34  Marine x2  
  62  4:42  Supply Depot  
  62  4:46  Terran Infantry Weapons Level 1  
  62  4:47  SCV x2  
  62  4:50  Supply Depot  
  64  4:59  SCV x2  
  57  5:09  Marauder, Marine x2  
  57  5:10  Marauder  
  57  5:11  SCV x2  
  60  5:15  Starport  
  60  5:16  Factory Reactor  
  60  5:20  Refinery  
  56  5:22  Supply Depot  
  56  5:23  SCV x2  
  58  5:29  Marine x2  
  58  5:30  Bunker  
  58  5:31  Marauder  
  58  5:33  Concussive Shells  
  62  5:35  SCV x2  
  64  5:45  Supply Depot  
  64  5:46  Marine  
  64  5:47  SCV x2, Marine  
  65  6:00  SCV x2  
  65  6:02  Marauder, Marine  
  69  6:04  Marauder  
  71  6:12  SCV x2, Medivac x2  
  71  6:15  Factory Reactor  
  77  6:20  Barracks  
  77  6:21  Marine x2  
  77  6:22  Barracks  
  77  6:24  SCV x2  
  81  6:28  Supply Depot  
  81  6:29  Marauder x2  
  85  6:39  Marine x2  
  86  6:49  Medivac x2  
  86  6:50  Marauder x2  
  94  6:54  SCV x2  
  94  6:59  Marine x2  
  96  7:01  Command Center  
  96  7:04  Widow Mine  
  96  7:06  Widow Mine  
  100  7:09  SCV x2  
  100  7:10  Barracks Tech Lab  
  100  7:11  Barracks Reactor  
  100  7:12  Marauder x2  
  92  7:33  Marauder x2, Marine x2  
  92  7:36  Widow Mine x2, Medivac x2  
  94  7:38  SCV x2  
  94  7:42  Ghost Academy  
  94  7:43  Terran Infantry Armor Level 1  
  96  7:49  Marauder, Marine  
  96  7:50  SCV x2  
  101  7:53  Marine x2  
  101  7:54  Marauder x2, Marine  
  108  8:02  SCV  
  109  8:07  Starport, Supply Depot, SCV  
  110  8:13  Medivac  
  110  8:14  Medivac, SCV  
  110  8:16  Orbital Command  
  110  8:17  Marine  
  110  8:18  Marine x2  
  118  8:21  Marauder, Marine  
  118  8:24  SCV  
  118  8:27  SCV  
  123  8:32  Marauder x2  
  127  8:36  Supply Depot, SCV  
  127  8:38  Supply Depot  
  128  8:43  Marauder  
  128  8:44  Marine x4  
  133  8:50  Viking  
  133  8:51  Viking  
  131  9:00  Marauder x2  
  131  9:02  SCV, Marine x3  
  139  9:03  SCV  
  139  9:04  Marauder  
  139  9:06  Viking x2  
  144  9:12  Marine  
  141  9:19  Marine x2  
  141  9:20  Supply Depot, SCV x2, Viking, Marine  
  141  9:21  Ghost x2  
  141  9:22  Supply Depot  
  146  9:25  Marine  
  146  9:32  Viking  
  146  9:36  Viking  
  147  9:39  Refinery x2  
  147  9:44  Ghost  
  149  9:48  Marine  
  149  9:49  Marine  
  149  9:51  Command Center  
  151  9:52  Missile Turret  
  151  9:53  Supply Depot  
  146  10:04  Viking x2  
  134  10:16  Marauder, Marine  
  134  10:18  Marine x2  
  129  10:22  SCV x2  
Show
View Real Time Build Order
Export as new Build Order

Quantel Protoss 

Build Orders: 1 Gate Expand, Blink Stalkers, Colossus Rush 

Get SALT Encoding   

  12  0:00  Probe  
  13  0:12  Probe  
  14  0:17  Pylon  
  14  0:24  Probe (Chrono Boost)  
  15  0:36  Probe (Chrono Boost)  
  15  0:37  Gateway  
  16  0:45  Probe (Chrono Boost)  
  16  0:46  Assimilator  
  17  0:51  Probe  
  18  1:03  Probe  
  19  1:19  Nexus  
  19  1:28  Cybernetics Core  
  19  1:31  Probe  
  20  1:36  Assimilator  
  20  1:45  Probe  
  20  1:46  Pylon  
  21  1:57  Probe  
  22  2:02  Stalker (Chrono Boost)  
  22  2:05  Warp Gate  
  24  2:09  Probe  
  25  2:22  Probe (Chrono Boost)  
  26  2:24  Twilight Council  
  26  2:28  Stalker  
  28  2:31  Probe (Chrono Boost)  
  30  2:39  Probe (Chrono Boost)  
  30  2:40  Probe (Chrono Boost)  
  31  2:45  Probe x2 (Chrono Boost)  
  33  2:53  Blink (Chrono Boost)  
  33  2:57  Probe x2  
  35  3:05  Gateway  
  35  3:09  Probe  
  35  3:11  Probe  
  37  3:21  Probe  
  37  3:23  Probe  
  39  3:29  Nexus  
  39  3:37  Robotics Facility  
  39  3:39  Pylon  
  39  3:43  Probe x2  
  41  3:55  Stalker, Pylon  
  41  3:56  Probe  
  41  3:57  Probe  
  41  4:00  Stalker  
  47  4:08  Probe  
  47  4:09  Probe  
  49  4:14  Assimilator  
  49  4:16  Assimilator  
  49  4:21  Stalker, Probe x2  
  49  4:23  Stalker  
  55  4:25  Observer  
  56  4:33  Probe x2, Pylon  
  58  4:41  Probe  
  58  4:45  Probe  
  61  4:50  Robotics Bay  
  61  4:51  Forge  
  61  4:54  Stalker x2  
  55  5:12  Probe x2  
  51  5:15  Probe  
  51  5:20  Stalker x2  
  55  5:23  Protoss Ground Weapons Level 1 (Chrono Boost)  
  55  5:24  Probe x2 (Chrono Boost)  
  55  5:27  Probe (Chrono Boost)  
  57  5:34  Colossus (Chrono Boost)  
  59  5:36  Probe x2 (Chrono Boost)  
  59  5:38  Probe (Chrono Boost)  
  59  5:42  Probe x2 (Chrono Boost)  
  68  5:43  Probe (Chrono Boost)  
  68  5:45  Gateway  
  68  5:47  Gateway  
  69  5:50  Probe  
  69  5:51  Probe  
  69  5:53  Probe  
  72  6:02  Probe  
  72  6:03  Probe  
  74  6:04  Gateway  
  74  6:05  Extended Thermal Lance, Probe, Gateway  
  75  6:11  Pylon  
  75  6:14  Probe  
  75  6:15  Probe  
  75  6:17  Colossus (Chrono Boost)  
  83  6:27  Gateway x2  
  83  6:33  Pylon  
  83  6:35  Pylon  
  83  6:36  Sentry x2  
  83  6:39  Shield Battery  
  87  6:40  Pylon  
  87  6:44  Shield Battery  
  85  6:50  Stalker  
  85  6:58  Colossus (Chrono Boost)  
  91  7:02  Pylon  
  91  7:09  Stalker x2  
  91  7:10  Stalker x3  
  91  7:14  Photon Cannon, Pylon  
  89  7:33  Zealot x4  
  89  7:34  Zealot x2  
  89  7:37  Gateway  
  97  7:40  Gateway, Templar Archives  
  97  7:41  Charge (Chrono Boost)  
  97  7:42  Warp Prism (Chrono Boost)  
  99  7:56  Pylon  
  99  8:06  Pylon  
  99  8:09  Pylon  
  99  8:10  Colossus (Chrono Boost)  
  105  8:21  Zealot  
  105  8:22  Zealot x5  
  105  8:23  Zealot x2  
  119  8:39  High Templar x2  
  123  8:42  Nexus  
  123  8:43  Pylon  
  113  8:48  Stalker  
  113  8:50  Zealot x3  
  113  8:51  Stalker, Zealot x3  
  113  9:03  Archon  
  105  9:11  Stalker x2  
  105  9:12  Stalker, Zealot x5  
  105  9:13  Zealot  
  105  9:15  Zealot x5  
  94  9:41  High Templar  
  94  9:42  Zealot x3, High Templar  
  104  9:46  Pylon  
  104  9:47  Probe x3  
  104  9:48  Archon  
  104  9:49  Pylon  
  107  10:03  Zealot x3  
  107  10:06  Zealot x3  
  97  10:15  Zealot x2  

Tags
 
Add a new tag
Caveats
  • Supply blocks, unpowered buildings, or Contaminate may cause inaccurate times.
  • Supply counts are checked every 10 seconds.